Map: Daybreak LE (Void)

Players

losira - Winner!

  • Race: Zerg Zerg
  • Spawn Location: 7:00

INnoVation

  • Race: Terran Terran
  • Spawn Location: 1:00

Event: IEM Season 11 - Gyeonggi

VOD

https://www.youtube.com/watch?v=Kb8F0_sa7EM

Description

Time

  • Played on: Dec. 13, 2016, 10:36 p.m.
  • Length: 10:45

All games in this series

Show
View Real Time Build Order
Export as new Build Order

losira Zerg - Winner!

Build Orders: 3 Hatch before Pool, Muta Ling Bane 

Get SALT Encoding   

  12  0:00  Drone  
  13  0:12  Overlord  
  13  0:17  Drone  
  14  0:31  Drone x2  
  14  0:34  Drone  
  17  0:53  Hatchery  
  17  0:56  Drone  
  17  1:00  Drone  
  18  1:10  Drone  
  19  1:24  Hatchery  
  18  1:29  Drone  
  18  1:30  Drone  
  20  1:38  Extractor  
  19  1:45  Spawning Pool  
  18  1:47  Drone  
  19  2:06  Overlord  
  19  2:07  Drone  
  20  2:17  Drone  
  21  2:25  Drone x2  
  21  2:26  Drone  
  24  2:30  Drone  
  24  2:32  Queen  
  24  2:35  Drone, Queen  
  30  2:40  Drone  
  30  2:42  Drone  
  32  2:47  Drone  
  32  2:49  Drone  
  34  2:54  Queen  
  34  2:57  Zergling x2  
  37  3:03  Drone x2  
  37  3:04  Drone  
  40  3:11  Drone  
  40  3:13  Metabolic Boost  
  40  3:16  Drone  
  41  3:20  Overlord  
  41  3:21  Drone  
  41  3:23  Overlord  
  42  3:37  Overlord, Queen  
  42  3:38  Queen  
  46  3:43  Drone x2  
  46  3:44  Spore Crawler  
  46  3:47  Spore Crawler  
  45  3:51  Drone  
  45  3:55  Drone x3  
  49  4:01  Drone x2  
  49  4:02  Drone  
  52  4:03  Drone  
  52  4:04  Queen  
  52  4:06  Drone  
  52  4:08  Drone, Zergling x2  
  58  4:11  Zergling x2  
  58  4:12  Zergling x2  
  58  4:14  Zergling x2  
  58  4:15  Zergling x2  
  63  4:17  Zergling x2  
  63  4:18  Zergling x2  
  63  4:22  Queen  
  66  4:25  Overlord  
  66  4:29  Overlord  
  66  4:40  Overlord  
  66  4:43  Queen, Zergling x2  
  66  4:44  Zergling x10  
  74  4:47  Zergling x8  
  74  4:50  Zergling x2  
  79  4:57  Drone  
  79  4:58  Drone x3  
  79  4:59  Spore Crawler, Queen  
  83  5:01  Zergling x2  
  83  5:02  Zergling x2  
  83  5:04  Zergling x2  
  83  5:05  Zergling x2  
  87  5:07  Zergling x2  
  87  5:10  Zergling x2  
  81  5:18  Zergling x2  
  81  5:19  Zergling x8  
  81  5:20  Zergling x2  
  86  5:26  Zergling x6  
  88  5:29  Evolution Chamber, Zergling x2  
  88  5:31  Evolution Chamber, Overlord  
  88  5:33  Overlord  
  88  5:35  Overlord  
  86  5:43  Zergling x2  
  86  5:44  Zergling x6  
  88  5:51  Lair  
  88  5:52  Drone x2  
  88  5:53  Extractor x2  
  88  5:55  Drone x3, Extractor  
  88  5:56  Drone  
  89  5:58  Zerg Ground Armor Level 1, Zerg Melee Weapons Level 1  
  89  5:59  Drone  
  89  6:00  Drone  
  91  6:04  Drone  
  91  6:05  Drone x2  
  91  6:09  Drone x2  
  96  6:12  Baneling Nest  
  96  6:16  Drone  
  96  6:18  Extractor x2  
  95  6:21  Drone x3  
  95  6:23  Drone x3  
  95  6:25  Drone x4  
  104  6:26  Drone  
  104  6:27  Drone  
  106  6:34  Overlord  
  106  6:43  Overlord  
  106  6:45  Overlord  
  106  6:48  Hatchery  
  106  6:52  Drone  
  106  6:53  Drone x2  
  108  6:54  Drone x2  
  108  6:55  Drone, Spire  
  108  6:57  Centrifical Hooks  
  110  7:04  Drone  
  110  7:05  Drone x5  
  116  7:09  Drone x2  
  116  7:11  Zergling x2  
  116  7:13  Zergling x2  
  120  7:17  Zergling x2  
  120  7:19  Zergling x2  
  120  7:20  Zergling x4  
  120  7:21  Zergling x2  
  124  7:23  Zergling x4  
  124  7:24  Spore Crawler, Zergling x2  
  124  7:25  Pneumatized Carapace  
  124  7:27  Overlord  
  124  7:28  Zergling x2  
  127  7:32  Overlord  
  127  7:34  Zergling x4  
  128  7:39  Drone  
  128  7:40  Overlord  
  128  7:42  Overlord  
  128  7:43  Baneling x12  
  129  7:47  Overlord  
  128  7:53  Drone  
  128  7:54  Drone x6  
  128  7:58  Zerg Ground Armor Level 2  
  134  8:01  Zerg Melee Weapons Level 2  
  134  8:02  Zergling x2  
  134  8:03  Zergling x2  
  135  8:05  Zergling x2  
  135  8:06  Zergling x2  
  135  8:10  Zerg Flyer Armor Level 1, Zergling x2  
  135  8:12  Baneling x5  
  138  8:14  Zergling x4  
  138  8:16  Zergling x2  
  138  8:17  Zergling x2  
  138  8:19  Zergling x2  
  137  8:20  Zergling x2  
  137  8:22  Zergling x2  
  137  8:25  Overseer  
  132  8:32  Drone x3  
  132  8:33  Drone x2  
  132  8:35  Baneling x4  
  132  8:36  Drone, Mutalisk x3  
  132  8:40  Mutalisk  
  139  8:43  Overlord  
  139  8:46  Mutalisk, Zergling x2  
  139  8:47  Zergling x6  
  145  8:49  Extractor  
  145  8:51  Baneling, Zergling x2  
  145  8:52  Baneling x3  
  145  8:54  Zergling x4  
  148  8:55  Zergling x2  
  148  8:58  Overlord  
  148  9:05  Overlord  
  148  9:06  Drone, Mutalisk  
  148  9:08  Zergling x2  
  151  9:10  Mutalisk  
  151  9:13  Mutalisk  
  151  9:15  Zergling x2  
  151  9:16  Hatchery, Zergling x4  
  154  9:17  Mutalisk  
  154  9:22  Zergling x2  
  154  9:23  Mutalisk, Zergling x2  
  154  9:24  Zergling x2  
  158  9:28  Zergling x2  
  158  9:29  Zergling x2  
  158  9:30  Baneling x4  
  160  9:32  Zergling x8  
  160  9:34  Zergling x4  
  160  9:37  Zergling x2  
  160  9:38  Zergling x4  
  169  9:42  Drone  
  169  9:43  Baneling  
  169  9:44  Baneling x5  
  169  9:45  Infestation Pit, Overseer  
  169  9:49  Zergling x2  
  170  9:53  Zergling x22  
  170  9:54  Zergling x2  
  170  9:55  Baneling x2  
  181  10:00  Zergling x2  
  181  10:03  Baneling x11  
  181  10:06  Baneling  
  181  10:07  Baneling x2  
  182  10:08  Zergling x10  
  182  10:10  Baneling  
  182  10:11  Baneling x2  
  185  10:14  Zergling x4  
  185  10:15  Zergling x6  
  185  10:19  Zergling x10  
  184  10:23  Zergling x6  
  184  10:24  Zergling x2  
Show
View Real Time Build Order
Export as new Build Order

INnoVation Terran 

Build Orders: Reaper Expand, MMM Bio 

Get SALT Encoding   

  12  0:00  SCV  
  13  0:12  SCV  
  14  0:17  Supply Depot  
  14  0:24  SCV  
  15  0:39  SCV  
  15  0:41  Barracks  
  16  0:45  Refinery  
  16  0:51  SCV  
  17  1:03  SCV  
  18  1:15  SCV  
  19  1:28  Orbital Command, Reaper  
  20  1:40  Command Center  
  20  1:51  Barracks  
  20  1:54  SCV  
  20  2:00  Barracks Reactor  
  21  2:06  SCV  
  22  2:10  Supply Depot  
  22  2:16  Refinery  
  22  2:19  SCV  
  23  2:25  Factory  
  23  2:32  SCV  
  23  2:36  Marine x2  
  26  2:40  Barracks Tech Lab  
  26  2:44  SCV  
  27  2:52  Orbital Command  
  27  2:56  Marine x2, SCV  
  30  3:04  Stimpack  
  30  3:05  Marine  
  30  3:08  SCV  
  32  3:16  Starport  
  32  3:19  SCV  
  33  3:21  SCV  
  33  3:23  Factory Reactor  
  34  3:27  Marine x2  
  34  3:29  Marine  
  34  3:32  SCV  
  34  3:34  SCV  
  39  3:39  Supply Depot  
  39  3:45  Marine x2  
  39  3:47  Marine  
  39  3:48  SCV x2  
  43  4:03  Marine x2, SCV x2  
  43  4:05  Marine, Supply Depot  
  43  4:07  Medivac x2  
  52  4:13  Supply Depot  
  52  4:15  SCV x2  
  54  4:26  Marine x3, Engineering Bay  
  54  4:27  SCV x2  
  59  4:35  Supply Depot  
  59  4:37  Medivac  
  61  4:39  SCV x2  
  61  4:44  Marine x3  
  66  4:51  SCV  
  66  4:52  SCV, Terran Infantry Weapons Level 1  
  68  5:00  Supply Depot  
  68  5:01  Marine x3  
  68  5:03  SCV  
  68  5:04  SCV  
  68  5:05  Combat Shields  
  67  5:17  SCV  
  67  5:18  SCV  
  67  5:19  Marine x3  
  72  5:24  Command Center  
  72  5:26  Factory Reactor  
  72  5:28  Barracks  
  72  5:31  SCV x2  
  72  5:33  Barracks  
  74  5:40  Barracks  
  73  5:46  Marine x3  
  73  5:48  Medivac x2  
  69  5:51  SCV x2  
  69  5:54  Refinery  
  69  5:55  Refinery  
  71  6:02  Widow Mine x2  
  75  6:04  Marine x3, SCV  
  75  6:05  SCV  
  75  6:10  Supply Depot  
  80  6:16  SCV  
  80  6:17  SCV  
  82  6:24  Barracks Reactor x2, Marine x3, Bunker  
  85  6:29  Marine  
  85  6:31  Medivac, Widow Mine x2  
  92  6:39  Medivac, Orbital Command  
  94  6:42  Marine x3  
  94  6:44  Supply Depot  
  97  6:47  Marine  
  97  6:53  SCV  
  99  6:54  SCV  
  99  6:59  Widow Mine x2  
  99  7:00  Marine x3  
  107  7:02  Terran Infantry Armor Level 1  
  107  7:14  Marine, SCV x2  
  107  7:15  Marine  
  111  7:16  Barracks Reactor  
  111  7:17  Marine x2, Supply Depot, Engineering Bay  
  111  7:18  Marine  
  111  7:19  Armory  
  114  7:24  Marine x2  
  114  7:26  SCV, Supply Depot  
  117  7:34  Orbital Command  
  117  7:38  Widow Mine x2  
  117  7:39  Marine, SCV  
  117  7:43  Marine x2  
  125  7:46  Supply Depot  
  125  7:56  Marine x4  
  125  7:57  Marine  
  129  8:04  Marine x4  
  133  8:05  Terran Infantry Weapons Level 2  
  133  8:08  Medivac x2  
  133  8:10  SCV x3, Supply Depot  
  140  8:14  Marine  
  140  8:17  Widow Mine  
  115  8:20  Marine  
  115  8:25  Marine  
  115  8:26  Marine x6  
  115  8:31  SCV x3  
  115  8:32  Marine  
  117  8:37  Marine  
  117  8:39  Medivac  
  117  8:41  Medivac  
  116  8:43  Marine  
  116  8:44  Marine x3, Widow Mine  
  116  8:45  Widow Mine  
  124  8:52  Marine x4  
  124  8:55  Marine  
  126  9:01  Marine  
  126  9:06  Barracks x2  
  126  9:08  Marine x3  
  129  9:10  Marine x4, Barracks  
  129  9:13  Marine, SCV x2  
  129  9:14  SCV  
  129  9:23  Widow Mine x2  
  119  9:25  SCV x2  
  119  9:26  Marine, SCV  
  119  9:27  Marine x3  
  119  9:28  Marine  
  119  9:33  Marine  
  119  9:34  Marine x2  
  119  9:37  SCV x2  
  119  9:38  SCV  
  125  9:43  Marine  
  125  9:44  Marine x2  
  126  9:51  Widow Mine  
  126  9:52  Medivac x2, Widow Mine  
  134  9:55  Marine x2  
  134  9:58  Marine x4  
  139  10:03  Supply Depot  
  139  10:05  Marine  
  139  10:06  Marine x4  
  144  10:13  Marine x3  
  147  10:16  Marine x3  
  131  10:24  Marine x6  

Tags
 
Add a new tag
Caveats
  • Supply blocks, unpowered buildings, or Contaminate may cause inaccurate times.
  • Supply counts are checked every 10 seconds.